 Dungeon Crawl Stone Soup version 0.22.1-1-ga44c0e56f4 (webtiles) character file.

3116 Lisan the Grappler (level 9, -7/84 HPs)
             Began as a Troll Monk on Oct 7, 2018.
             Mangled by an orc warrior
             ... wielding a cursed -1 trident
              (11 damage)
             ... on level 9 of the Dungeon.
             The game lasted 00:21:26 (6567 turns).

Lisan the Grappler (Troll Monk)                     Turns: 6567, Time: 00:21:31

Health: -7/84      AC:  6    Str: 24    XL:     9   Next: 60%
Magic:  8/8        EV: 15    Int:  6    God:
Gold:   311        SH:  0    Dex: 12    Spells: 8/8 levels left

rFire    . . .     SeeInvis .     - Unarmed
rCold    . . .     Gourm    +   (no shield)
rNeg     . . .     Faith    .   a - +0 robe
rPois    .         Spirit   .   F - +1 hat
rElec    .         Reflect  .   (no cloak)
rCorr    .         Harm     .   (gloves unavailable)
MR       .....                  (boots unavailable)
Stlth    +++.......             (no amulet)
HPRegen  0.64/turn              u - +3 ring of evasion
MPRegen  0.11/turn              y - ring of stealth

@: no status effects
A: large, unfitting armour, claws 3, fast metabolism 3, gourmand, regeneration
1, shaggy fur 1, tough skin 2
a: no special abilities


You were on level 9 of the Dungeon.
You were not hungry.

You visited 1 branch of the dungeon, and saw 9 of its levels.

You collected 536 gold pieces.
You spent 225 gold pieces at shops.

Inventory:

Missiles
 l - 4 large rocks (quivered)
Armour
 a - a +0 robe (worn)
 r - a +0 robe
 F - a +1 hat (worn)
Jewellery
 u - a +3 ring of evasion (left claw)
 y - a ring of stealth (right claw)
 B - an uncursed ring of flight
 C - a cursed -3 ring of intelligence
Wands
 D - a wand of paralysis (28)
 G - a wand of iceblast (4)
Scrolls
 c - 3 scrolls of immolation
 d - 5 scrolls of remove curse
 e - a scroll of amnesia {unknown}
 h - 3 scrolls of enchant weapon {unknown}
 n - 2 scrolls of enchant armour {unknown}
 o - 2 scrolls of magic mapping {unknown}
 t - a scroll of blinking {unknown}
 v - a scroll of fog {unknown}
 w - 2 scrolls of teleportation {unknown}
 x - 4 scrolls of noise
 E - a scroll of summoning {unknown}
 H - a scroll of acquirement {unknown}
 I - a scroll of random uselessness {unknown}
Potions
 f - 2 potions of mutation
 g - 3 potions of lignification
 i - 6 potions of curing
 j - a potion of cancellation {unknown}
 k - a potion of heal wounds {unknown}
 m - a potion of degeneration {unknown}
 p - a potion of brilliance {unknown}
 q - a potion of flight {unknown}
 s - a potion of invisibility {unknown}
 z - 2 potions of agility {unknown}
 A - a potion of berserk rage {unknown}
Comestibles
 b - 16 rations


   Skills:
 + Level 4.1 Fighting
 + Level 5.4 Dodging
 + Level 3.7 Stealth
 + Level 10.3 Unarmed Combat


You had 8 spell levels left.
You didn't know any spells.
Your spell library contained the following spells:

 Spells                   Type           Power        Failure   Level  Hunger
 Magic Dart               Conj           #...         45%         1    ##.....
 Sting                    Conj/Pois      #...         45%         1    ##.....
 Blink                    Tloc           N/A          58%         2    ###....
 Call Imp                 Summ           #.......     58%         2    ###....
 Slow                     Hex            #.......     58%         2    ###....
 Conjure Flame            Conj/Fire      #.......     83%         3    ####...
 Mephitic Cloud           Conj/Pois/Air  #.......     83%         3    ####...
 Fulminant Prism          Conj/Hex       #.........   99%         4    #####..
 Leda's Liquefaction      Hex/Erth       #.........   99%         4    #####..


Dungeon Overview and Level Annotations

Branches:
Dungeon (9/15)             Temple (0/1) D:7
   Lair: D:8-11         Orc: D:9-12

Altars:
Gozag
Hepliaklqana
Kikubaaqudgha
Okawaru
Qazlal
Trog
Xom
Yredelemnul

Shops:
D:4 *=(


Innate Abilities, Weirdness & Mutations

You are too large for most types of armour.
You have claws for hands.
Your metabolism is lightning-fast.
You like to eat raw meat.
Your natural rate of healing is unusually fast.
You are covered in fur. (AC +1)
You have very tough skin. (AC +2)


Message History

You scratch the hound but do no damage. The hound bites you.
* * * LOW HITPOINT WARNING * * *
The yak barely misses you.
You barely miss the hound. The hound bites you but does no damage.
The yak completely misses you. The orc warrior barely misses you.
The hound bites you.
* * * LOW HITPOINT WARNING * * *
You scratch the hound.
The hound is lightly wounded.
The yak misses you. The hound bites you.
* * * LOW HITPOINT WARNING * * *
The orc warrior hits you from afar with a trident!
* * * LOW HITPOINT WARNING * * *
You barely miss the hound. Your claw misses the hound.
The hound is lightly wounded.
The hound bites you.
* * * LOW HITPOINT WARNING * * *
The yak barely misses you.
The orc warrior hits you from afar with a trident!
You die...

## .. .### # ..#
#. ###.# #..
#...#######
###..#..@hYo....
.......)#Yoo....
#######†#Yo.....
#(..)#....###
#.#######.#
#....#.. .#
###..#.# # .
#####..#.# .
#.........######..
###


You could see 3 yaks, an orc warrior, a hound and 3 orcs.

Vanquished Creatures
  Maurice (D:8)
  Prince Ribbit (D:8)
  2 hippogriffs
  2 yaks (D:9)
  An ice beast (D:8)
  An orc warrior (D:7)
  A black bear (D:8)
  A necrophage (D:8)
  An eye of draining (D:6)
  3 ogres
  4 centaurs
  3 crocodiles
  4 bullfrogs
  A crimson imp (D:6)
  2 jellies
  A hound (D:7)
  An orc priest (D:9)
  An orc wizard (D:7)
  A bullfrog skeleton (D:7)
  A worker ant (D:8)
  An iguana (D:5)
  4 gnolls (D:5)
  6 adders
  A shadow imp (D:8)
  An adder zombie (D:5)
  3 adder skeletons
  4 worms
  5 leopard geckos
  14 orcs
  5 giant cockroaches
  9 goblins
  6 hobgoblins
  7 jackals
  5 kobolds
  3 bats
  3 rats (D:2)
110 creatures vanquished.

Notes
Turn   | Place    | Note
-------+----------+-------------------------------------------
     0 | D:1      | Lisan the Troll Monk began the quest for the Orb.
     0 | D:1      | Reached XP level 1. HP: 22/22 MP: 0/0
   161 | D:1      | Reached XP level 2. HP: 29/29 MP: 1/1
  1310 | D:2      | Reached XP level 3. HP: 36/36 MP: 2/2
  1502 | D:2      | Found an iron altar of Okawaru.
  2390 | D:4      | Found Icwafoss's Weapon Emporium.
  2600 | D:4      | Reached XP level 4. HP: 44/44 MP: 3/3
  2602 | D:4      | Noticed an ogre
  2615 | D:4      | Killed an ogre
  2615 | D:4      | Reached skill level 4 in Unarmed Combat
  2615 | D:4      | Reached XP level 5. HP: 7/52 MP: 4/4
  2882 | D:4      | Found Hyohotyurph's Jewellery Boutique.
  2921 | D:4      | Found Onouhaq's General Store.
  2996 | D:4      | Bought an uncursed ring of stealth for 192 gold pieces
  2996 | D:4      | Bought a scroll of remove curse for 33 gold pieces
  3161 | D:5      | Entered Level 5 of the Dungeon
  3297 | D:5      | Noticed a centaur
  3315 | D:5      | Killed a centaur
  3315 | D:5      | Reached skill level 5 in Unarmed Combat
  3450 | D:5      | Reached XP level 6. HP: 61/61 MP: 5/5
  3707 | D:5      | Found a basalt altar of Yredelemnul.
  3872 | D:5      | Found a shimmering altar of Xom.
  4109 | D:6      | Reached XP level 7. HP: 60/67 MP: 6/6
  4119 | D:6      | Identified the Tome of Harmful Stones
  4181 | D:6      | Reached skill level 6 in Unarmed Combat
  4794 | D:7      | Found a staircase to the Ecumenical Temple.
  4894 | D:7      | Found an opulent altar of Gozag.
  4894 | D:7      | Found a hazy altar of Hepliaklqana.
  4895 | D:7      | Found an ancient bone altar of Kikubaaqudgha.
  5106 | D:7      | Noticed a hippogriff
  5110 | D:7      | Killed a hippogriff
  5110 | D:7      | Reached skill level 7 in Unarmed Combat
  5110 | D:7      | Reached XP level 8. HP: 56/75 MP: 7/7
  5193 | D:7      | Reached skill level 8 in Unarmed Combat
  5899 | D:8      | Found a stormy altar of Qazlal.
  5916 | D:8      | Found a bloodstained altar of Trog.
  5986 | D:8      | Noticed a hippogriff
  5997 | D:8      | Killed a hippogriff
  5997 | D:8      | Reached skill level 9 in Unarmed Combat
  6017 | D:8      | Reached XP level 9. HP: 61/84 MP: 5/8
  6193 | D:8      | Noticed Prince Ribbit
  6202 | D:8      | Killed Prince Ribbit
  6202 | D:8      | Reached skill level 5 in Dodging
  6384 | D:8      | Noticed Maurice
  6400 | D:8      | Killed Maurice
  6500 | D:9      | Reached skill level 10 in Unarmed Combat
  6567 | D:9      | HP: 4/84 [hound (3)]
  6567 | D:9      | Mangled by an orc warrior

Skill      XL: |  1  2  3  4  5  6  7  8  9 |
---------------+----------------------------+-----
Dodging        | 3 4 5 |  5.4
Unarmed Combat | 4 5 7 9 10 | 10.3
Fighting       | 3 4 |  4.1
Stealth        | 2 3 |  3.7

Action                   |  1- 3 |  4- 6 |  7- 9 || total
-------------------------+-------+-------+-------++-------
Melee: Unarmed           |    96 |    87 |   158 ||   341
       Punch             |     1 |       |     6 ||     7
  Use: Scroll            |     2 |     5 |     2 ||     9
 Stab: Sleeping          |     3 |     2 |     6 ||    11
  Eat: Chunk             |    22 |    11 |    12 ||    45
       Ration            |       |     1 |     3 ||     4
Armor: Robe              |    51 |    27 |    32 ||   110
Dodge: Dodged            |    75 |    85 |   130 ||   290
